Map: Dusk Towers

Players

Miszu

  • Race: Terran Terran
  • League: Grandmaster

sahira - Winner!

  • Race: Terran Terran
  • League: Grandmaster

VOD

Have the link to the VOD?

Description

Time

  • Played on: Feb. 19, 2016, 11:04 a.m.
  • Length: 5:42
Show
View Real Time Build Order
Export as new Build Order

Miszu Terran 

Build Orders:  

Get SALT Encoding   

  12  0:01  SCV  
  13  0:13  SCV  
  14  0:17  Supply Depot  
  14  0:25  SCV  
  15  0:40  SCV  
  16  0:43  Barracks  
  16  0:46  Refinery  
  16  0:52  SCV  
  17  1:04  SCV  
  18  1:16  SCV  
  19  1:30  Orbital Command  
  19  1:31  Barracks Reactor  
  19  1:42  Command Center  
  19  1:51  Supply Depot  
  19  1:55  SCV  
  20  2:07  SCV  
  20  2:10  Marine  
  20  2:11  Marine  
  22  2:16  Factory  
  22  2:19  SCV  
  23  2:28  Marine x2  
  25  2:32  SCV  
  26  2:44  SCV  
  27  2:46  Marine x2  
  29  2:54  Refinery  
  29  2:55  Orbital Command  
  29  2:56  SCV  
  30  3:01  Starport, Factory Tech Lab  
  30  3:04  Marine x2  
  32  3:10  SCV  
  33  3:21  SCV  
  33  3:22  SCV  
  33  3:25  Marine x2  
  37  3:28  Widow Mine  
  37  3:33  SCV  
  37  3:34  SCV  
  41  3:35  Supply Depot  
  41  3:43  Medivac  
  41  3:45  SCV  
  41  3:46  SCV  
  45  3:52  Marine  
  46  3:57  Marine, SCV  
  46  3:58  Supply Depot, SCV  
  49  4:09  SCV  
  53  4:14  Siege Tank  
  53  4:19  Marine  
  53  4:20  SCV  
  53  4:21  Supply Depot, SCV  
  53  4:23  Viking  
  58  4:31  Command Center  
  58  4:32  SCV  
  58  4:33  SCV  
  58  4:35  Supply Depot  
  58  4:36  Marine  
  60  4:48  SCV  
  61  4:56  SCV  
  50  5:08  SCV x2  
  50  5:10  Marine x2  
  49  5:20  SCV x2  
Show
View Real Time Build Order
Export as new Build Order

sahira Terran - Winner!

Build Orders: Reaper Expand 

Get SALT Encoding   

  12  0:01  SCV  
  13  0:13  SCV  
  14  0:17  Supply Depot  
  14  0:25  SCV  
  15  0:39  SCV  
  15  0:40  Barracks  
  16  0:44  Refinery  
  16  0:51  SCV  
  17  1:03  SCV  
  18  1:15  SCV  
  19  1:27  Orbital Command  
  19  1:28  Reaper  
  20  1:41  Command Center  
  20  1:50  Supply Depot  
  20  1:53  SCV  
  21  2:00  Marine  
  22  2:05  SCV  
  23  2:09  Factory  
  23  2:15  Refinery  
  23  2:21  SCV  
  24  2:22  Barracks Reactor  
  24  2:33  SCV  
  25  2:45  SCV  
  26  2:53  Orbital Command  
  26  2:55  Widow Mine  
  26  2:56  Starport  
  26  2:58  SCV  
  29  3:00  Marine x2  
  31  3:13  SCV  
  31  3:18  Marine x2  
  31  3:19  SCV  
  35  3:24  Widow Mine  
  35  3:25  SCV  
  38  3:31  SCV  
  38  3:33  Medivac  
  41  3:35  Barracks  
  41  3:38  Barracks, SCV  
  41  3:39  Supply Depot, Marine  
  43  3:42  Marine  
  43  3:45  SCV  
  45  3:50  SCV  
  45  3:53  Factory Tech Lab  
  46  3:58  Supply Depot  
  46  4:01  Engineering Bay, SCV  
  46  4:02  Marine, SCV  
  48  4:09  Marine  
  49  4:12  Medivac  
  49  4:13  SCV  
  52  4:18  SCV  
  52  4:20  Supply Depot, Siege Tank  
  56  4:24  Barracks Tech Lab x2  
  56  4:25  SCV  
  56  4:29  Marine, Refinery  
  56  4:30  Marine  
  59  4:34  Supply Depot  
  59  4:35  SCV  
  59  4:38  SCV  
  61  4:47  Marine, SCV  
  61  4:48  Marine  
  61  4:50  Marine x2  
  61  5:02  SCV  
  61  5:05  Marine  
  61  5:06  Marine  
  62  5:08  Marine x2  
  62  5:11  SCV  
  64  5:14  SCV  
  65  5:23  Marine  
  65  5:24  Marine  
  67  5:29  SCV x2  
  67  5:33  Starport Reactor  
Tags
 
Add a new tag
Caveats
  • Supply blocks, unpowered buildings, or Contaminate may cause inaccurate times.
  • Supply counts are checked every 10 seconds.